 Dungeon Crawl Stone Soup version 0.29-a0-870-g2c972031a6 (webtiles) character file.

Game seed: 2986140197873888290

2459 reriks the Fighter (level 9, 0/101 HPs)
             Began as an Ogre Berserker on July 18, 2022.
             Was a Priest of Trog.
             Slain by a centaur warrior skeleton (2 damage)
             ... on level 7 of the Dungeon.
             The game lasted 00:08:05 (7103 turns).

reriks the Fighter (Ogre Berserker)                 Turns: 7103, Time: 00:08:06

Health: 0/101      AC:  7    Str: 27    XL:     9   Next: 50%
Magic:  9/9        EV: 11    Int:  8    God:    Trog [***...]
Gold:   188        SH:  0    Dex:  8    Spells: 8/8 levels left

rFire   . . .      SeeInvis .   p - +8 quarterstaff (chaos)
rCold   + . .      Faith    .   (shield currently unavailable)
rNeg    . . .      Spirit   .   t - +0 troll leather armour {Pargi}
rPois   .          Reflect  .   (helmet restricted)
rElec   .          Harm     .   o - +1 cloak
rCorr   .          Rampage  .   (gloves unavailable)
Will    .....                   (boots unavailable)
Stlth   +.........              (no amulet)
HPRegen 1.06/turn               d - ring of protection from cold
MPRegen 0.11/turn               (no ring)

@: on berserk cooldown, slowed, very slow
A: large, unfitting armour, tough skin 1
a: Renounce Religion, Berserk, Trog's Hand


You were on level 7 of the Dungeon.
You worshipped Trog.
Trog was most pleased with you.
You visited 1 branch of the dungeon, and saw 7 of its levels.
You also visited: Sewer.

You collected 188 gold pieces.

Inventory:

Hand Weapons
 a - a +0 mace
 m - a +2 spear of venom
 p - a +8 quarterstaff of chaos (weapon)
Armour
 b - a +0 animal skin
 g - a +0 buckler
 o - a +1 cloak (worn)
 t - a +0 troll leather armour (worn) {Pargi}
Jewellery
 d - a ring of protection from cold (left hand)
 f - a ring of ice
 x - a ring of protection from cold
Wands
 i - a wand of polymorph (9)
 n - a wand of paralysis (9)
 B - a wand of iceblast (5)
Scrolls
 c - 2 scrolls of fog
 h - 2 scrolls of fear
 j - 3 scrolls of amnesia
 r - 2 scrolls of blinking
 v - a scroll of enchant armour
 w - 5 scrolls of teleportation
 y - 3 scrolls of immolation
Potions
 e - a potion of experience
 k - a potion of magic
 l - 2 potions of haste
 q - 4 potions of curing
 s - 4 potions of lignification
 u - 2 potions of heal wounds {unknown}
 z - a potion of resistance {unknown}
 A - a potion of berserk rage {unknown}
 C - a potion of ambrosia {unknown}
 D - a potion of invisibility {unknown}
 E - a potion of attraction {unknown}


   Skills:
 + Level 10.2 Fighting
 + Level 7.2 Maces & Flails
 + Level 7.1 Dodging


You had 8 spell levels left.
You didn't know any spells.
Your spell library was empty.

Dungeon Overview and Level Annotations

Branches:
Dungeon (7/15)             Temple (0/1) D:5           Sewer (visited)

Altars:
Dithmenos
Elyvilon
Hepliaklqana
Okawaru
Sif Muna
Yredelemnul
Zin
The Shining One

Shops:
D:4 *

Annotations:
D:4 4 runed translucent doors, MisterPants's ghost, novice GrFi; zeratav's ghost, amateur OpVM


Innate Abilities, Weirdness & Mutations

You are too large for most types of armour.
You have tough skin. (AC +1)


Message History

You destroy the centaur warrior skeleton!
Trog accepts your kill.
A centaur warrior skeleton comes into view.
Your life force feels restored.
Your Dodging skill increases to level 7!
The centaur warrior skeleton closely misses you. x2
The centaur warrior skeleton misses you.
The centaur warrior skeleton barely misses you.
You bludgeon the centaur warrior skeleton!!
Lightning courses through the centaur warrior skeleton!
The centaur warrior skeleton is heavily damaged.
The centaur warrior skeleton hits you.
The centaur warrior skeleton kicks you but does no damage.
You thump the centaur warrior skeleton!
The centaur warrior skeleton flickers and vanishes!
Deactivating autopickup; reactivate with Ctrl-A.
Something hits you. Something kicks you but does no damage. Something hits you!
* * * LOW HITPOINT WARNING * * *
Something kicks you but does no damage. Something hits you.
* * * LOW HITPOINT WARNING * * *
Something kicks you but does no damage.
You sock something! You freeze something. Something hits you.
* * * LOW HITPOINT WARNING * * *
Something kicks you.
* * * LOW HITPOINT WARNING * * *
Something hits you!
* * * LOW HITPOINT WARNING * * *
Something kicks you.
* * * LOW HITPOINT WARNING * * *
You completely miss something. Something hits you but does no damage.
Something kicks you but does no damage. Something barely misses you.
Something kicks you but does no damage.
You closely miss something. Something hits you.
* * * LOW HITPOINT WARNING * * *
Something kicks you.
* * * LOW HITPOINT WARNING * * *
Something hits you.
* * * LOW HITPOINT WARNING * * *
Something kicks you.
You die...

.....# ##..#
......##...
......#..# ........
#.....## #.....##
##...{.#####
#...@......####
##..#..........#
#...##.........+
##..####.......#
#...# ###.....## .
#..####.###...#....
#..#.##.....:......
#)##..).......#....
#<#.).........# ...


There were no monsters in sight!

Vanquished Creatures
  A centaur skeleton (D:7)
  Sigmund (D:2)
  A wyvern (D:7)
  Edmund (D:4)
  A water moccasin (D:6)
  Pargi (Sewer)
  2 black bears (D:5)
  An orc warrior (D:7)
  An ogre (D:6)
  A centaur (D:5)
  3 necrophages
  2 bullfrogs
  2 scorpions
  2 wights (D:7)
  5 hounds
  Crazy Yiuf (D:2)
  2 jellies (D:5)
  Jessica (D:2)
  2 iguanas
  A human skeleton (D:4)
  An orc wizard (D:5)
  2 river rats (D:3)
  9 adders
  A shadow imp (D:6)
  2 white imps (D:5)
  2 ufetubi
  13 orcs
  5 endoplasms
  A giant cockroach (D:1)
  3 hobgoblins
  3 quokkas
  6 ball pythons
  6 bats
  8 frilled lizards
  7 goblins
  3 kobolds
  A kobold zombie (D:4)
  9 rats
114 creatures vanquished.

Vanquished Creatures (others)
  2 fungi (D:2)
  2 withered plants (D:7)
4 creatures vanquished.

Grand Total: 118 creatures vanquished

Notes
Turn   | Place    | Note
-------+----------+-------------------------------------------
     0 | D:1      | reriks the Ogre Berserker began the quest for the Orb.
     0 | D:1      | Reached XP level 1. HP: 24/24 MP: 1/1
   312 | D:1      | Reached XP level 2. HP: 27/32 MP: 2/2
  1136 | D:2      | Found a faded altar of an unknown god.
  1171 | D:2      | Noticed Sigmund
  1178 | D:2      | Killed Sigmund
  1179 | D:2      | Reached skill level 5 in Fighting
  1179 | D:2      | Reached XP level 3. HP: 37/44 MP: 3/3
  1179 | D:2      | Reached XP level 4. HP: 44/52 MP: 4/4
  1179 | D:2      | Reached XP level 5. HP: 49/59 MP: 5/5
  1637 | D:2      | Noticed Jessica
  1643 | D:2      | Killed Jessica
  1643 | D:2      | Reached ** piety under Trog
  1911 | D:2      | Reached XP level 6. HP: 64/67 MP: 6/6
  2136 | D:2      | Found a runed translucent door.
  2137 | D:2      | Noticed Crazy Yiuf
  2147 | D:2      | Killed Crazy Yiuf
  2148 | D:2      | Reached skill level 6 in Fighting
  2572 | D:3      | Found a glowing golden altar of the Shining One.
  2868 | D:3      | Found a glowing drain.
  2875 | Sewer    | Entered a sewer
  3001 | Sewer    | Noticed Pargi
  3007 | Sewer    | Killed Pargi
  3092 | Sewer    | Reached XP level 7. HP: 76/76 MP: 7/7
  3671 | D:3      | Found a faded altar of an unknown god.
  3680 | D:3      | Found a hazy altar of Hepliaklqana.
  4229 | D:4      | Reached skill level 7 in Fighting
  4260 | D:4      | Noticed a human
  4261 | D:4      | Found a runed translucent door.
  4277 | D:4      | Found a basalt altar of Yredelemnul.
  4339 | D:4      | Found a white marble altar of Elyvilon.
  4353 | D:4      | Noticed Edmund
  4365 | D:4      | Killed Edmund
  4366 | D:4      | Reached skill level 5 in Maces & Flails
  4366 | D:4      | Reached skill level 5 in Dodging
  4458 | D:4      | Found Faluq's Assorted Antiques.
  4544 | D:4      | Found a runed translucent gate.
  4545 | D:4      | Found a runed translucent gate.
  4546 | D:4      | Found a runed translucent gate.
  4550 | D:4      | Found a glowing silver altar of Zin.
  4556 | D:4      | Noticed MisterPants's ghost (novice GrFi)
  4556 | D:4      | Noticed zeratav's ghost (amateur OpVM)
  4750 | D:4      | Found a shimmering blue altar of Sif Muna.
  4855 | D:5      | Entered Level 5 of the Dungeon
  5072 | D:5      | Found a staircase to the Ecumenical Temple.
  5118 | D:5      | Identified the +3 sling "Siod" {speed, MP+9 Int+5 SInv}
  5150 | D:5      | Reached XP level 8. HP: 65/88 MP: 8/8
  5155 | D:5      | Reached skill level 8 in Fighting
  5464 | D:5      | Reached *** piety under Trog
  5900 | D:5      | Found an iron altar of Okawaru.
  6059 | D:6      | Reached skill level 9 in Fighting
  6218 | D:6      | Found a shadowy altar of Dithmenos.
  6806 | D:7      | Noticed a hellwing
  6812 | D:6      | Reached XP level 9. HP: 83/98 MP: 9/9
  7081 | D:7      | Reached skill level 10 in Fighting
  7103 | D:7      | HP: 5/101 [something (5)]
  7103 | D:7      | HP: 2/101 [something (1)]
  7103 | D:7      | Slain by a centaur warrior skeleton

Illustrated notes

Levels and vault maps discovered:
D:1:      dpeg_arrival_long_road, layout_basic
D:2:      layout_basic, ebering_ecumenical_altar_rust, serial_curves,
          eino_curves_02, eino_curves_02, eino_curves_02,
          kennysheep_cross_bottleneck, uniq_crazy_yiuf_cottage, uniq_sigmund,
          uniq_jessica
D:3:      layout_basic, tso_metal_star, nicolae_overflow_ecumenical_swirl,
          lightli_sewer_entry_pipes, roderic_roman_lattice
D:4:      layout_loops_ring, general_overflow_altar, dk_yredelemnul_ordeal,
          mainiacjoe_overflow_boulevard, zin_statuary, gammafunk_ghost_cemetery,
          serial_shops, kennysheep_mini_moat, uniq_edmund
D:5:      layout_rooms, kennysheep_mini, minmay_temple_entry_from_below_b
D:6:      layout_basic, nicolae_dithmenos_the_darkroom
D:7:      cheibrodos_grave_circle, layout_gridville, marbit_many_paths,
          hangedman_decor_diamond_cutter, minmay_crossroads

Skill      XL: |  1  2  3  4  5  6  7  8  9 |
---------------+----------------------------+-----
Dodging        | 3 4 5 6 7 |  7.1
Maces & Flails | 3 4 5 6 7 |  7.2
Fighting       | 5 6 7 9 10 | 10.2

Action                   |  1- 3 |  4- 6 |  7- 9 || total
-------------------------+-------+-------+-------++-------
Melee: Mace              |    63 |    25 |       ||    88
       Quarterstaff      |       |    47 |   188 ||   235
Invok: Berserk           |     1 |     2 |     3 ||     6
  Use: Scroll            |       |     4 |    12 ||    16
 Stab: Sleeping          |     1 |       |       ||     1
Armor: Animal skin       |    25 |    32 |       ||    57
       Troll leather arm |       |     3 |    94 ||    97
Dodge: Dodged            |    32 |    34 |   114 ||   180

Table legend: (Time is in decaauts)
 A = Elapsed time spent in this place.
 B = Non-inter-level travel time spent in this place.
 C = Inter-level travel time spent in this place.
 D = Time resting spent in this place.
 E = Time spent auto-exploring this place.
 F = Levels seen in this place.
 G = Mean time per level.
                   A        B        C        D        E       F      G
               +--------+--------+--------+--------+--------+-----+--------+
         Total |   7280 |   7032 |    248 |   1968 |   4113 |   8 |  910.0 |
       Dungeon |   6784 |   6536 |    248 |   1715 |   3964 |   7 |  969.1 |
         Sewer |    496 |    496 |      0 |    253 |    149 |   1 |  496.0 |
               +--------+--------+--------+--------+--------+-----+--------+

Top non-repeatable levels by time:
     D:2: 1352 daAuts
     D:3: 1351 daAuts
     D:1: 1118 daAuts
     D:6: 1021 daAuts
     D:5: 988 daAuts
     D:4: 795 daAuts
   Sewer: 496 daAuts
     D:7: 157 daAuts
